 Dungeon Crawl Stone Soup version 0.31.0-9-g3a7656b989 (webtiles) character file.

Game seed: 15318234065030780984

221 qw the Shooter (level 5, 0/41 HPs)
             Began as a Demigod Hunter on Feb 2, 2024.
             Slain by Grinder (7 damage)
             ... on level 4 of the Dungeon.
             The game lasted 00:00:13 (2412 turns).

qw the Shooter (Demigod Hunter)                     Turns: 2412, Time: 00:00:13

Health: 0/41       AC:  7    Str:  7    XL:     5   Next: 37%
Magic:  7/7        EV: 10    Int: 11    God:
Gold:   96         SH:  0    Dex: 21    Spells: 4/4 levels left

rFire   . . .        a - +0 shortbow
rCold   . . .        (shield currently unavailable)
rNeg    . . .        d - +0 ring mail of the Orcish Mines {rElec Regen+ Str-5}
rPois   .            c - +0 helmet
rElec   +            (no cloak)
rCorr   .            f - +0 pair of gloves
SInv    .            (no boots)
Will    .....        (no amulet)
Stlth   +            (no ring)
HPRegen 1.06/turn    (no ring)
MPRegen 0.10/turn

%: no passive effects
@: about to teleport
A: high MP 1, forlorn, divine attributes
a: no special abilities


You were on level 4 of the Dungeon.
You visited 1 branch of the dungeon, and saw 4 of its levels.

You collected 174 gold pieces.
You spent 78 gold pieces at shops.


Innate Abilities, Weirdness & Mutations

You have an increased reservoir of magic. (+10% MP)
You shall have no god before yourself.
Your divine heritage dramatically boosts your attributes as you level up.


   Skills:
 + Level 2.0 Fighting
 - Level 6.0 Ranged Weapons
 - Level 1.2 Armour
 - Level 2.0 Dodging
 - Level 0.8 Stealth


You had 4 spell levels left.
You didn't know any spells.
Your spell library was empty.

Inventory:

Hand Weapons
 a - a +0 shortbow (weapon)
Armour
 c - a +0 helmet (worn)
 d - the +0 ring mail of the Orcish Mines (worn) {rElec Regen+ Str-5}
   (You found it on level 3 of the Dungeon)

   Str-5:     It affects your strength (-5).
   rElec:     It insulates you from electricity.
   Regen+:    It increases your rate of health regeneration.
 f - a +0 pair of gloves (worn)
Scrolls
 b - a scroll of teleportation
 g - a scroll of identify
Potions
 e - a potion of lignification {unknown}
 k - 2 potions of might

Dungeon Overview and Level Annotations

Branches:
Dungeon (4/15)
 Temple: D:4-7

Shops:
D:3 :   D:4 ?!

Annotations:
D:1 1 runed translucent door
D:4 Grinder


Message History

Grinder barely misses you.
You shoot an arrow. The arrow closely misses Grinder.
Grinder gestures at you.
You struggle to resist.
You shoot an arrow. The arrow hits Grinder.
Grinder is heavily wounded.
Grinder gestures at you. Pain shoots through your body! Grinder hits you.
You writhe in agony.
You shoot an arrow.
The arrow hits Grinder but does no damage.
Grinder is heavily wounded.
Grinder gestures at you. Pain shoots through your body!
You shoot an arrow.
The arrow hits Grinder but does no damage.
Grinder is heavily wounded.
The black bear barely misses you. The black bear claws you. x2
Grinder hits you.
You writhe in agony.
You shoot an arrow. The arrow barely misses Grinder.
The black bear completely misses you. The black bear barely misses you.
The black bear claws you but does no damage.
Grinder closely misses you. Grinder hits you but does no damage.
The black bear completely misses you. The black bear barely misses you. x2
You shoot an arrow. The arrow hits Grinder.
Grinder is severely wounded.
The black bear barely misses you.
The black bear claws you but does no damage. x2
Grinder hits you!
You writhe in agony.
2411 ||| READING 2 scrolls of teleportation.
As you read the scroll of teleportation, it crumbles to dust.
You feel strangely unstable.
The black bear bites you but does no damage.
The black bear claws you but does no damage.
The black bear closely misses you. Grinder barely misses you.
You shoot an arrow. The arrow closely misses Grinder.
The black bear misses you.
The black bear claws you but does no damage.
The black bear barely misses you. Grinder hits you!
You die...
Grinder sighs, "Dead already?
I want a refund."

......#........##
#..>..#.......## ## ..
#............### ......
#....#.#...#...##.......
.....###..##.......#...#
.....#.....#...## ..#.#.
...............###...\..
....#.....####......#
....#...... #.5@$.#..
...........# #.h........
............#......#....
....................!...
.............###...##.##
...........#. ....# #
..>.. ..##[ #.### .....
.. #.. ...


You could see Grinder and a black bear.

Vanquished Creatures
  A hound (D:4)
  Natasha (thrice) (D:3)
  Robin (D:2)
  4 adders
  A dart slug (D:1)
  4 orcs
  6 endoplasms
  2 giant cockroaches
  13 goblins
  13 hobgoblins
  4 quokkas
  2 ball pythons
  2 bats (D:2)
  A frilled lizard (D:1)
  A kobold (D:1)
  2 rats (D:1)
60 creatures vanquished.

Notes
Turn   | Place    | Note
-------+----------+-------------------------------------------
     0 | D:1      | qw the Demigod Hunter began the quest for the Orb.
     0 | D:1      | Reached XP level 1. HP: 17/17 MP: 3/3
     0 | D:1      | 0 ||| qw: Version: 0.3-a-155-g5e7d8dd
     0 | D:1      | 0 ||| qw: Game counter: 353
     0 | D:1      | 0 ||| qw: Melee chars always use a shield: true
     0 | D:1      | 0 ||| qw: God list: Okawaru
     0 | D:1      | 0 ||| qw: Allow faded altars: false
     0 | D:1      | 0 ||| qw: Do Orc after clearing Dungeon:15 true
     0 | D:1      | 0 ||| qw: Do second Lair branch before Depths: true
     0 | D:1      | 0 ||| qw: Lair rune preference: random
     0 | D:1      | 0 ||| qw: Goals: Normal
     0 | D:1      | 0 ||| PLANNING D:1-11
     1 | D:1      | Found a runed translucent door.
   155 | D:1      | Reached skill level 4 in Ranged Weapons
   222 | D:1      | Reached XP level 2. HP: 24/24 MP: 4/4
   872 | D:1      | 872 ||| UPGRADING to +0 ring mail.
   882 | D:1      | 882 ||| DROPPING +0 leather armour.
   883 | D:1      | 883 ||| UPGRADING to +0 pair of gloves.
   888 | D:1      | 888 ||| READING scroll labelled VOLEOPL VOANA.
   889 | D:1      | 889 ||| READING scroll labelled USATUI FYNGA.
   890 | D:1      | 890 ||| READING 2 scrolls labelled KENUFA GUSO.
   890 | D:1      | 890 ||| IDENTIFYING bubbling ruby potion
   891 | D:1      | 891 ||| READING scroll of identify.
   891 | D:1      | 891 ||| IDENTIFYING sedimented white potion
   892 | D:1      | 892 ||| READING scroll labelled TELEAPLU TIECO.
   893 | D:1      | 893 ||| READING scroll labelled CURETW USALADA.
   938 | D:1      | 938 ||| DROPPING scroll of butterflies.
   939 | D:1      | 939 ||| DROPPING potion of attraction.
   940 | D:1      | 940 ||| DROPPING potion of brilliance.
   978 | D:2      | Noticed Robin
   979 | D:2      | 979 ||| RETREEEEATING.
   982 | D:2      | 982 ||| RETREEEEATING.
   986 | D:2      | 986 ||| RETREEEEATING.
   995 | D:2      | Reached XP level 3. HP: 21/29 MP: 5/5
  1002 | D:2      | HP: 7/29 [goblin/+0 dagger[Robin] (1)]
  1003 | D:2      | Killed Robin
  1008 | D:2      | HP: 6/29 [hobgoblin[Robin] (1)]
  1152 | D:2      | Reached skill level 5 in Ranged Weapons
  1328 | D:2      | You fall into a shaft and drop 2 floors!
  1338 | D:4      | Found Obept's Magic Scroll Shoppe.
  1345 | D:4      | 1345 ||| BUYING 2 scrolls of identify (52 gold).
  1345 | D:4      | Bought 2 scrolls of identify for 52 gold pieces
  1345 | D:4      | 1345 ||| BUYING scroll of identify (26 gold).
  1345 | D:4      | Bought a scroll of identify for 26 gold pieces
  1345 | D:4      | 1345 ||| SHOPLISTING scroll of identify (26 gold, have 12).
  1345 | D:4      | 1345 ||| SHOPLISTING scroll of teleportation (39 gold, have
                  | 12).
  1357 | D:4      | 1357 ||| UPGRADING to +2 animal skin.
  1367 | D:4      | 1367 ||| UPGRADING to +0 helmet.
  1372 | D:4      | 1372 ||| DROPPING +0 ring mail.
  1373 | D:4      | 1373 ||| READING 3 scrolls of identify.
  1373 | D:4      | 1373 ||| IDENTIFYING bubbling dark potion
  1374 | D:4      | 1374 ||| READING 2 scrolls of identify.
  1374 | D:4      | 1374 ||| IDENTIFYING 2 ruby potions
  1375 | D:4      | 1375 ||| DROPPING potion of magic.
  1399 | D:3      | Identified the +0 ring mail of the Orcish Mines {rElec
                  | Regen+ Str-5}
  1430 | D:3      | Reached XP level 4. HP: 36/36 MP: 6/6
  1430 | D:3      | Noticed Natasha
  1434 | D:3      | Killed Natasha
  1503 | D:3      | Noticed Natasha
  1508 | D:3      | 1508 ||| RETREEEEATING.
  1510 | D:3      | 1510 ||| RETREEEEATING.
  1518 | D:3      | Killed Natasha
  1561 | D:3      | 1561 ||| UPGRADING to +0 ring mail of the Orcish Mines
                  | {rElec Regen+ Str-5}.
  1571 | D:3      | 1571 ||| DROPPING +2 animal skin.
  1572 | D:3      | 1572 ||| READING scroll of identify.
  1572 | D:3      | 1572 ||| IDENTIFYING scroll labelled CYIGUI UFAUFUM
  1573 | D:3      | 1573 ||| DROPPING scroll of vulnerability.
  1709 | D:2      | Reached skill level 1 in Armour
  1823 | D:2      | Reached XP level 5. HP: 41/41 MP: 7/7
  1834 | D:2      | 1834 ||| READING scroll labelled NIOJEQ ODASM.
  1935 | D:2      | 1935 ||| READING scroll labelled XESEXUYSOA.
  2149 | D:3      | Found Humy's Book Boutique.
  2236 | D:3      | Noticed Natasha
  2241 | D:3      | Killed Natasha
  2380 | D:4      | Reached skill level 6 in Ranged Weapons
  2382 | D:4      | Found Ydaz Utwese's Distillery.
  2384 | D:4      | Noticed Grinder
  2388 | D:4      | Paralysed by Grinder for 5 turns
  2402 | D:4      | Noticed a black bear
  2410 | D:4      | HP: 10/41 [Grinder (7)]
  2410 | D:4      | HP: 4/41 [Grinder (6)]
  2411 | D:4      | 2411 ||| READING 2 scrolls of teleportation.
  2412 | D:4      | Slain by Grinder

Levels and vault maps discovered:
D:1:      dpeg_arrival_caged_fury, layout_basic, serial_rivers,
          chequers_serial_rivers_micro_b, chequers_serial_rivers_micro_e,
          chequers_serial_rivers_micro_c, chequers_serial_rivers_micro_e
D:2:      layout_rooms, chequers_ecumenical_altar_island,
          guppyfry_early_orc_mine, uniq_robin
D:3:      layout_loops_cross, serial_shops, shop, kennysheep_generic_room_5,
          uniq_natasha
D:4:      layout_cave_pools, nicolae_dithmenos_the_darkroom,
          mainiacjoe_overflow_two_lobes, serial_shops,
          nicolae_shop_advertising_works [nicolae_subvault_shop_adworks],
          shop_fountains, nicolae_shop_peninsula, shop, uniq_menkaure,
          uniq_grinder

Skill      XL: |  1  2  3  4  5 |
---------------+----------------+-----
Ranged Weapons | 4 5 6 |  6.0
Fighting       | 2 |  2.0
Dodging        | 2 |  2.0
Armour         | 1 |  1.2
Stealth        | |  0.8

Action                     |  1- 3 |  4- 6 || total
---------------------------+-------+-------++-------
   Fire: Shortbow          |   141 |    80 ||   221
    Use: Scroll            |     8 |     4 ||    12
 Armour: Leather armour    |     9 |       ||     9
         Ring mail         |    51 |    36 ||    87
         Animal skin       |     2 |     8 ||    10
  Dodge: Dodged            |    64 |    27 ||    91

Table legend:
 A = Non-vault XP
 B = Vault XP
 C = Vault XP percentage of total XP
 D = Non-vault monster count
 E = Vault monster count
 F = Vault count percentage of total count
                 A         B        C        D         E       F
            +---------+---------+-------+---------+---------+-------
      Total |     226 |      90 |  28.5 |      39 |      21 |  35.0
            +---------+---------+-------+---------+---------+-------
        D:1 |      31 |       0 |   0.0 |      17 |       0 |   0.0
        D:2 |      46 |      55 |  54.5 |      13 |      20 |  60.6
        D:3 |      93 |      35 |  27.3 |       7 |       1 |  12.5
        D:4 |      56 |       0 |   0.0 |       2 |       0 |   0.0
            +---------+---------+-------+---------+---------+-------
